 Dungeon Crawl Stone Soup version 0.17.1-3-g152610e (webtiles) character file.

51 KrozogBurug the Ogre Mage (level 3, 0/31 HPs)
             Began as an Ogre Wizard on Mar 1, 2016.
             Succumbed to an adder's poison
             ... on level 2 of the Dungeon.
             The game lasted 00:03:54 (1866 turns).

KrozogBurug the Ogre Mage (Ogre Wizard)             Turns: 1866, Time: 00:03:54

Health: 0/31       AC:  3    Str: 12    XL:     3   Next: 81%
Magic:  0/8        EV:  9    Int: 18    God:
Gold:   58         SH:  0    Dex:  8    Spells: 1 memorised, 8 levels left

rFire  . . .     SeeInvis .     (no weapon)
rCold  . . .     Clarity  .     a - +0 robe
rNeg   . . .     SustAt   +     (no shield)
rPois  .         Gourm    .     b - +0 hat
rElec  .         Spirit   .     (no cloak)
rCorr  .         Warding  .     (gloves unavailable)
rMut   .         Stasis   .     (boots unavailable)
MR     +....                    (no amulet)
Stlth  +.........               i - ring of protection from magic
                                h - ring of sustain attributes

@: lethally poisoned (0 -> -9), flying, very slightly contaminated, somewhat
resistant to hostile enchantments, very unstealthy
A: unfitting armour, tough skin 1
a: no special abilities


You were on level 2 of the Dungeon.
You were not hungry.

You visited 1 branch of the dungeon, and saw 2 of its levels.

You collected 58 gold pieces.

Inventory:

Armour
 a - a +0 robe (worn)
 b - a +0 hat (worn)
Jewellery
 h - a ring of sustain attributes (left hand)
 i - a ring of protection from magic (right hand)
Scrolls
 e - a scroll of recharging {unknown}
 f - a scroll of magic mapping {unknown}
 g - 2 scrolls of amnesia {unknown}
 j - 2 scrolls of identify {unknown}
 l - a scroll of remove curse {unknown}
Books
 c - a book of Minor Magic

   Spells                             Type                      Level
   a - Magic Dart                     Conjuration                  1
   b - Blink                          Translocation                2
   c - Call Imp                       Summoning                    2
   d - Repel Missiles                 Charms/Air                   2
   e - Slow                           Hexes                        2
   f - Conjure Flame                  Conjuration/Fire             3
   g - Mephitic Cloud                 Conjuration/Poison/Air       3
Comestibles
 d - a bread ration
 m - a chunk of flesh


   Skills:
 - Level 1.7 Dodging
 - Level 1.5 Stealth
 - Level 3.6 Spellcasting
 + Level 2.6 Conjurations
   Level 0.6 Summonings
   Level 0.6 Translocations


You had 8 spell levels left.
You knew the following spells:

 Your Spells              Type           Power        Failure   Level  Hunger
a - Magic Dart            Conj           ##..         6%          1    None


Dungeon Overview and Level Annotations

Branches:
Dungeon (2/15)

Altars:


Innate Abilities, Weirdness & Mutations

You are too large for most types of armour.
You have tough skin (AC +1).


Message History

Drink which item? (? for menu, Esc to quit)
It was a potion of flight.
You feel very buoyant.
You fly up into the air.
* * * LOW HITPOINT WARNING * * *
You feel sick. The adder misses you.
You closely miss the adder.
The adder is almost dead.
* * * LOW HITPOINT WARNING * * *
You feel sick. The adder barely misses you.
Casting: Magic Dart
Confirm with . or Enter, or press ? or * to list all spells.
Aiming: Magic Dart
Press: ? - help, Shift-Dir - straight line, f/p - adder
Aim: an adder (almost dead)
The magic dart hits the adder.
You kill the adder!
* * * LOW HITPOINT WARNING * * *
You feel sick.
You die...

#.. ..# #####.##
##.### #......
......
...#....####......
..............#
##.#.##.....#.#
#.... #####...#
......##....<.#
#....%@....#.#
#.............#
....(..........#
.............#.#
.#..).......##.#
##....#.....#.#
......###......
###### .....


There were no monsters in sight!

Vanquished Creatures
  2 adders (D:2)
  An ooze (D:1)
  An adder zombie (D:1)
  A giant gecko (D:1)
  A bat zombie (D:1)
  5 goblins (D:1)
  2 hobgoblins
  A jackal (D:1)
  3 kobolds (D:1)
  3 bats (D:1)
  2 giant cockroaches (D:1)
  A giant newt (D:1)
  6 rats (D:1)
29 creatures vanquished.

Notes
Turn   | Place    | Note
--------------------------------------------------------------
     0 | D:1      | KrozogBurug the Ogre Wizard began the quest for the Orb.
     0 | D:1      | Reached XP level 1. HP: 16/16 MP: 5/5
    26 | D:1      | Reached skill level 1 in Conjurations
   341 | D:1      | Reached XP level 2. HP: 24/24 MP: 3/6
   894 | D:1      | Reached XP level 3. HP: 29/31 MP: 8/8
  1865 | D:2      | HP: 1/31 [poisoned by an adder]
  1866 | D:2      | Succumbed to an adder's poison

Action                   || total
-------------------------++-------
Melee: Unarmed           ||    80
 Cast: Magic Dart        ||    56
  Use: Potion            ||     1
  Eat: Chunk             ||     3
